3AA
DURHAM RAPIERS @ ASHEVILLE HIGHLANDERS
09/14/2038
 
TOP OF THE 1ST
Durham Rapiers batting - Pitching for Asheville Highlanders : RHP Ena Tuuta
Pitching: RHP Ena Tuuta
Batting: RHB Jaxton Goleta 0-0: Ground out 6-3 (Groundball, 6S, EV 73.1 MPH)
Batting: RHB Juan Guzmán 0-0: Swinging Strike
0-1: Swinging Strike
0-2: Ball
1-2: Fly out, F7 (Flyball, 7LS, EV 84.4 MPH)
Batting: RHB Scotty Glenn 0-0: Ball
1-0: Swinging Strike
1-1: Swinging Strike
1-2: Strikes out swinging
Top of the 1st over - 0 runs, 0 hits, 0 errors, 0 left on base; Durham 0 - Asheville 0
BOTTOM OF THE 1ST
Asheville Highlanders batting - Pitching for Durham Rapiers : RHP Freddy Calcines
Pitching: RHP Freddy Calcines
Batting: RHB Carsello Scruggins 0-0: Called Strike
0-1: Called Strike
0-2: Ball
1-2: Strikes out looking
Batting: RHB Tae-wan Park 0-0: Ball
1-0: Ball
2-0: Swinging Strike
2-1: Ball
3-1: Swinging Strike
3-2: Base on Balls
Batting: RHB Don Parker 0-0: Fly out, F8 (Line Drive, 8LD, EV 91.9 MPH)
Batting: LHB Bruce Webster 0-0: Ball
1-0: Swinging Strike
1-1: Called Strike
1-2: SINGLE (Groundball, 3L, EV 95.6 MPH)
Tae-wan Park to second
Runner from 2nd tries for 3rd, SAFE, no throw by RF
Batting: RHB Luis Romero 0-0: Fly out, F5 (Popup, 5SF, EV 72.5 MPH)
Bottom of the 1st over - 0 runs, 1 hit, 0 errors, 2 left on base; Durham 0 - Asheville 0
TOP OF THE 2ND
Durham Rapiers batting - Pitching for Asheville Highlanders : RHP Ena Tuuta
Batting: RHB Bearooz Yacoobi 0-0: Ball
1-0: Called Strike
1-1: Fly out, F9 (Flyball, 9S, EV 83.8 MPH)
Batting: RHB Nelson Ross 0-0: Foul Ball, location: 2F
0-1: Foul Ball, location: 2F
0-2: Strikes out looking
Batting: RHB Marvin Strickland 0-0: Called Strike
0-1: Foul Ball, location: 2F
0-2: Ball
1-2: Foul Ball, location: 2F
1-2: Ball
2-2: Ball
3-2: Foul Ball, location: 2F
3-2: Base on Balls
Batting: SHB Rafael González 0-0: Ball
1-0: Foul Ball, location: 2F
1-1: SINGLE (Line Drive, 5D, EV 97.5 MPH)
Marvin Strickland to second
Batting: RHB Kiyohira Kan 0-0: Ball
1-0: Ball
2-0: Foul Ball, location: 2F
2-1: Swinging Strike
2-2: Ball
3-2: Fly out, F8 (Flyball, 8LD, EV 104.4 MPH)
Top of the 2nd over - 0 runs, 1 hit, 0 errors, 2 left on base; Durham 0 - Asheville 0
BOTTOM OF THE 2ND
Asheville Highlanders batting - Pitching for Durham Rapiers : RHP Freddy Calcines
Batting: RHB Don Skerrett 0-0: Ground out 6-3 (Groundball, 6, EV 83.1 MPH)
Batting: LHB Kevin McIndeor 0-0: Ball
1-0: Called Strike
1-1: Swinging Strike
1-2: Ball
2-2: Ground out 3-1 (Groundball, 34, EV 85.6 MPH)
Batting: RHB Francis Raffone 0-0: Fly out, F9 (Flyball, 9S, EV 82.5 MPH)
Bottom of the 2nd over - 0 runs, 0 hits, 0 errors, 0 left on base; Durham 0 - Asheville 0
TOP OF THE 3RD
Durham Rapiers batting - Pitching for Asheville Highlanders : RHP Ena Tuuta
Batting: SHB Tekkan Hayagawa 0-0: Called Strike
0-1: SINGLE (Line Drive, 8RS, EV 103.1 MPH)
Batting: RHB Jaxton Goleta 0-0: Hit by Pitch
Tekkan Hayagawa to second
Batting: RHB Juan Guzmán 0-0: Ball
1-0: Ball
2-0: Foul Ball, location: 2F
2-1: Called Strike
2-2: Foul Ball, location: 2F
2-2: Grounds into double play, 6-4-3 (Groundball, 6, EV 79.4 MPH)
Tekkan Hayagawa to third
Batting: RHB Scotty Glenn 0-0: Called Strike
0-1: Ball
1-1: Called Strike
1-2: Ground out 1-3 (Groundball, 13, EV 83.1 MPH)
Top of the 3rd over - 0 runs, 1 hit, 0 errors, 1 left on base; Durham 0 - Asheville 0
BOTTOM OF THE 3RD
Asheville Highlanders batting - Pitching for Durham Rapiers : RHP Freddy Calcines
Batting: RHB Dan Olson 0-0: Ground out 6-3 (Groundball, 4M, EV 96.9 MPH)
Batting: RHB Carsello Scruggins 0-0: Called Strike
0-1: Ball
1-1: Foul Ball, location: 2F
1-2: Ball
2-2: Foul Ball, location: 2F
2-2: SINGLE (Line Drive, 34D, EV 105.0 MPH)
Batting: RHB Tae-wan Park 0-0: Called Strike
0-1: Ball
1-1: Called Strike
1-2: Foul Ball, location: 2F
1-2: Ball
2-2: Foul Ball, location: 2F
2-2: Fly out, F7 (Flyball, 7S, EV 73.8 MPH)
Batting: RHB Don Parker 0-0: Foul Ball, location: 2F
0-1: Ball
Carsello Scruggins steals 2nd base
1-1: Foul Ball, location: 2F
1-2: Ball
2-2: Ground out 6-3 (Groundball, 6, EV 84.4 MPH)
Bottom of the 3rd over - 0 runs, 1 hit, 0 errors, 1 left on base; Durham 0 - Asheville 0
TOP OF THE 4TH
Durham Rapiers batting - Pitching for Asheville Highlanders : RHP Ena Tuuta
Batting: RHB Bearooz Yacoobi 0-0: Called Strike
0-1: Ground out 5-3 (Groundball, 5, EV 106.2 MPH)
Batting: RHB Nelson Ross 0-0: Ball
1-0: Called Strike
1-1: Foul Ball, location: 2F
1-2: Ball
2-2: Ball
3-2: SINGLE (Groundball, 6MD, EV 99.4 MPH)
Batting: RHB Marvin Strickland 0-0: Ball
1-0: Fly out, F9 (Flyball, 9S, EV 83.8 MPH)
Batting: SHB Rafael González 0-0: Ball
1-0: Ball
2-0: Foul Ball, location: 2F
2-1: Called Strike
2-2: Ball
3-2: Foul Ball, location: 2F
3-2: Ground out 4-3 (Groundball, 4, EV 89.4 MPH)
Top of the 4th over - 0 runs, 1 hit, 0 errors, 1 left on base; Durham 0 - Asheville 0
BOTTOM OF THE 4TH
Asheville Highlanders batting - Pitching for Durham Rapiers : RHP Freddy Calcines
Batting: LHB Bruce Webster 0-0: Called Strike
0-1: Ball
1-1: Foul Ball, location: 2F
1-2: Foul Ball, location: 2F
1-2: DOUBLE (Line Drive, 89D, EV 106.2 MPH)
Batting: RHB Luis Romero 0-0: Foul Ball, location: 2F
0-1: Swinging Strike
0-2: Foul Ball, location: 2F
0-2: Ball
1-2: Foul Ball, location: 2F
1-2: Ball
2-2: Strikes out swinging
Batting: RHB Don Skerrett 0-0: Ball
1-0: Ball
2-0: Ball
3-0: Base on Balls
Batting: LHB Kevin McIndeor 0-0: Ball
Wild Pitch!
Bruce Webster to third
Don Skerrett to second
1-0: Ball
2-0: Foul Ball, location: 2F
2-1: Foul Ball, location: 2F
2-2: Ground out 6-3 (Groundball, 6, EV 87.5 MPH)
Bruce Webster scores
Batting: RHB Francis Raffone 0-0: SINGLE (Groundball, 34D, EV 100.6 MPH)
Don Skerrett to third
Runner from 3rd tries for Home, SAFE, throw by RF to home
Batting: RHB Dan Olson 0-0: Ball
1-0: Called Strike
1-1: Ground out 5-3 (Groundball, 56S, EV 78.8 MPH)
Bottom of the 4th over - 2 runs, 2 hits, 0 errors, 1 left on base; Durham 0 - Asheville 2
TOP OF THE 5TH
Durham Rapiers batting - Pitching for Asheville Highlanders : RHP Ena Tuuta
Batting: RHB Kiyohira Kan 0-0: Called Strike
0-1: Ball
1-1: Swinging Strike
1-2: Ground out 5-3 (Groundball, 56, EV 84.4 MPH)
Batting: SHB Tekkan Hayagawa 0-0: Called Strike
0-1: Ground out 1-3 (Groundball, 34S, EV 84.4 MPH)
Batting: RHB Jaxton Goleta 0-0: Ground out 6-3 (Groundball, 6, EV 78.8 MPH)
Top of the 5th over - 0 runs, 0 hits, 0 errors, 0 left on base; Durham 0 - Asheville 2
BOTTOM OF THE 5TH
Asheville Highlanders batting - Pitching for Durham Rapiers : RHP Freddy Calcines
Batting: RHB Carsello Scruggins 0-0: Ball
1-0: Ball
2-0: SINGLE (Line Drive, 3D, EV 99.4 MPH)
Batting: RHB Tae-wan Park 0-0: Bunted foul
0-1: Bunted foul
0-2: Fly out, F8 (Flyball, 8LD, EV 103.8 MPH)
Batting: RHB Don Parker 0-0: Called Strike
Carsello Scruggins steals 2nd base
0-1: Called Strike
0-2: Ball
1-2: Strikes out swinging
Batting: LHB Bruce Webster 0-0: Called Strike
0-1: Called Strike
0-2: Foul Ball, location: 2F
0-2: Ball
1-2: Ground out 5-3 (Groundball, 56, EV 87.5 MPH)
Bottom of the 5th over - 0 runs, 1 hit, 0 errors, 1 left on base; Durham 0 - Asheville 2
TOP OF THE 6TH
Durham Rapiers batting - Pitching for Asheville Highlanders : RHP Ena Tuuta
Batting: RHB Juan Guzmán 0-0: Called Strike
0-1: Ball
1-1: SINGLE (Groundball, 6MD, EV 105.6 MPH)
Batting: RHB Scotty Glenn 0-0: Called Strike
0-1: Ball
1-1: Fielders Choice at 2nd, 6-4 (Groundball, 6, EV 85.0 MPH)
Batting: RHB Bearooz Yacoobi 0-0: Ball
1-0: Ball
2-0: SINGLE (Groundball, 6MD, EV 94.4 MPH)
Scotty Glenn to second
Runner from 2nd tries for 3rd, SAFE, throw by CF made to third
Batting: RHB Nelson Ross 0-0: Ball
1-0: Ball
2-0: Ball
3-0: Called Strike
3-1: Fly out, F9 (Flyball, 9S, EV 90.0 MPH)
Batting: RHB Marvin Strickland 0-0: Called Strike
0-1: SINGLE (Groundball, 6D, EV 94.4 MPH)
Scotty Glenn scores
Bearooz Yacoobi to second
Batting: SHB Rafael González 0-0: Ball
1-0: Fly out, F9 (Line Drive, 9, EV 90.0 MPH)
Top of the 6th over - 1 run, 3 hits, 0 errors, 2 left on base; Durham 1 - Asheville 2
BOTTOM OF THE 6TH
Asheville Highlanders batting - Pitching for Durham Rapiers : RHP Freddy Calcines
Batting: RHB Luis Romero 0-0: Swinging Strike
0-1: Swinging Strike
0-2: Ball
1-2: Strikes out swinging
Batting: RHB Don Skerrett 0-0: Called Strike
0-1: Ball
1-1: Ground out 5-3 (Groundball, 5L, EV 80.0 MPH)
Batting: LHB Kevin McIndeor 0-0: Called Strike
0-1: Foul Ball, location: 2F
0-2: Strikes out swinging
Bottom of the 6th over - 0 runs, 0 hits, 0 errors, 0 left on base; Durham 1 - Asheville 2
TOP OF THE 7TH
Durham Rapiers batting - Pitching for Asheville Highlanders : RHP Ena Tuuta
Batting: RHB Kiyohira Kan 0-0: Ball
1-0: Ball
2-0: Fly out, F8 (Flyball, 8LS, EV 83.8 MPH)
Batting: SHB Tekkan Hayagawa 0-0: Ball
1-0: Foul Ball, location: 2F
1-1: Ball
2-1: Ball
3-1: Foul Ball, location: 2F
3-2: Foul Ball, location: 2F
3-2: Ground out 6-3 (Groundball, 6, EV 87.5 MPH)
Batting: RHB Jaxton Goleta 0-0: Ground out 6-3 (Groundball, 6, EV 85.6 MPH)
Top of the 7th over - 0 runs, 0 hits, 0 errors, 0 left on base; Durham 1 - Asheville 2
BOTTOM OF THE 7TH
Asheville Highlanders batting - Pitching for Durham Rapiers : RHP Freddy Calcines
Pitching: LHP Pellervo Soisalo
Batting: RHB Francis Raffone 0-0: Fly out, F6 (Popup, 6MS, EV 75.6 MPH)
Batting: RHB Dan Olson 0-0: Called Strike
0-1: Ball
1-1: Ball
2-1: Ground out 5-3 (Groundball, 56, EV 102.5 MPH)
Batting: RHB Carsello Scruggins 0-0: Swinging Strike
0-1: Fly out, F8 (Flyball, 89D, EV 96.2 MPH)
Bottom of the 7th over - 0 runs, 0 hits, 0 errors, 0 left on base; Durham 1 - Asheville 2
TOP OF THE 8TH
Durham Rapiers batting - Pitching for Asheville Highlanders : RHP Ena Tuuta
Batting: RHB Juan Guzmán 0-0: Ball
1-0: SINGLE (Flyball, 8LS, EV 100.0 MPH)
Pitching: RHP Mario Sánchez
Batting: RHB Scotty Glenn 0-0: Swinging Strike
0-1: Foul Ball, location: 2F
0-2: Strikes out swinging
Batting: RHB Bearooz Yacoobi 0-0: Ball
1-0: Foul Ball, location: 2F
1-1: Fielders Choice at 2nd, 1-6 (Groundball, 34S, EV 87.5 MPH)
Batting: RHB Nelson Ross 0-0: Ball
1-0: Called Strike
1-1: Called Strike
1-2: Strikes out swinging
Top of the 8th over - 0 runs, 1 hit, 0 errors, 1 left on base; Durham 1 - Asheville 2
BOTTOM OF THE 8TH
Asheville Highlanders batting - Pitching for Durham Rapiers : LHP Pellervo Soisalo
Batting: RHB Tae-wan Park 0-0: Ball
1-0: Ball
2-0: Called Strike
2-1: Ball
3-1: Swinging Strike
3-2: Foul Ball, location: 2F
3-2: Base on Balls
Batting: RHB Don Parker 0-0: DOUBLE (Groundball, 5L, EV 103.1 MPH)
Tae-wan Park to third
Runner from 3rd tries for Home, SAFE, throw by LF to trailing runner, OUT at third! 7-6-5
Batting: LHB Bruce Webster 0-0: Called Strike
0-1: Ball
1-1: Called Strike
1-2: Foul Ball, location: 2F
1-2: Foul Ball, location: 2F
1-2: Fly out, F6 (Popup, 4M, EV 65.6 MPH)
Batting: RHB Luis Romero 0-0: Ball
1-0: Foul Ball, location: 2F
1-1: Ball
2-1: Foul Ball, location: 2F
2-2: Strikes out swinging
Bottom of the 8th over - 1 run, 1 hit, 0 errors, 0 left on base; Durham 1 - Asheville 3
TOP OF THE 9TH
Durham Rapiers batting - Pitching for Asheville Highlanders : RHP Mario Sánchez
Batting: RHB Marvin Strickland 0-0: Called Strike
0-1: Ball
1-1: Ball
2-1: Fly out, F8 (Flyball, 8LXD, EV 108.1 MPH)
Batting: SHB Rafael González 0-0: Foul Ball, location: 2F
0-1: Ball
1-1: Called Strike
1-2: Strikes out swinging
Batting: RHB Kiyohira Kan 0-0: Foul Ball, location: 2F
0-1: DOUBLE (Flyball, 78D, EV 94.4 MPH)
Batting: SHB Tekkan Hayagawa 0-0: Called Strike
0-1: Foul Ball, location: 2F
0-2: Ball
1-2: Foul Ball, location: 2F
1-2: SINGLE (Flyball, 4MD, EV 101.2 MPH)
Kiyohira Kan to third
Batting: RHB Jaxton Goleta 0-0: Foul Ball, location: 2F
0-1: Fielders Choice at 2nd, 5-4 (Groundball, 56, EV 85.6 MPH)
Top of the 9th over - 0 runs, 2 hits, 0 errors, 2 left on base; Durham 1 - Asheville 3
Friday, April 17th, 2020 - OOTP Baseball 20.8 Build 74